 Dungeon Sprint DCSS version 0.21-a0-110-g8e1637b (webtiles) character file.

11 Kidiri the Sneak (level 2, -12/14 HPs)
             Began as a Spriggan Enchanter on July 9, 2017.
             Mangled by a neqoxec (14 damage)
             ... in the Dungeon (Sprint II: "The Violet Keep of Menkaure").
             The game lasted 00:00:50 (121 turns).

Kidiri the Sneak (Spriggan Enchanter)                Turns: 121, Time: 00:00:50

Health: -12/14     AC:  2    Str:  4    XL:     2   Next: 13%
Magic:  1/7        EV: 19    Int: 16    God:
Gold:   243        SH:  0    Dex: 16    Spells: 4/7 levels left

rFire    . . .     SeeInvis +   a - +1 dagger
rCold    . . .     Gourm    .   (shield restricted)
rNeg     . . .     Faith    .   b - +0 robe
rPois    .         Spirit   .   (helmet restricted)
rElec    .         Reflect  .   (no cloak)
rCorr    .         Harm     .   (gloves unavailable)
MR       .....     NoTele   +   (boots unavailable)
Stlth    +++.......             (no amulet)
HPRegen  0.04/turn              (no ring)
MPRegen  0.10/turn              (no ring)

@: very quick
A: unfitting armour, see invisible, herbivore 3, speed 3, slow metabolism 2
a: no special abilities


You were in the Dungeon.
You were not hungry.

You visited 1 branch You collected 243 gold pieces.

Inventory:

Hand Weapons
 a - a +1 dagger (weapon)
Armour
 b - a +0 robe (worn)
Scrolls
 j - a scroll of blinking
Potions
 e - a potion of curing
 f - a potion of heal wounds
 g - a potion of haste
 h - 2 potions of magic
Books
 c - a book of Maledictions

   Spells                             Type                      Level
   a - Corona                         Hexes                        1
   b - Ensorcelled Hibernation        Hexes/Ice                    2
   c - Confuse                        Hexes                        3
   d - Tukima's Dance                 Hexes                        3
   e - Dazzling Spray                 Conjuration/Hexes            3
Comestibles
 d - a bread ration


   Skills:
 + Level 0.7 Fighting
 * Level 2.3 Short Blades
 + Level 0.7 Armour
 * Level 4.0 Dodging
 * Level 5.1 Stealth
 * Level 3.3 Spellcasting
 + Level 3.9 Hexes
 + Level 0.0 Ice Magic


You had 4 spell levels left.
You knew the following spells:

 Your Spells              Type           Power        Failure   Level  Hunger
a - Corona                Hex            ###....      3%          1    None
b - Ensorcelled Hibernat  Hex/Ice        #.....       12%         2    ##.....


Dungeon Overview and Level Annotations

Branches:
Dungeon (1/1)

Altars:


Innate Abilities, Weirdness & Mutations

You are very small and have problems with some larger weapons.
You are too small for most types of armour.
You have supernaturally acute eyesight. (SInv)
You are a herbivore.
You cover ground extremely quickly.
You need consume almost no food.


Message History

Aim: a neqoxec (chance to defeat MR: 24%)
The neqoxec resists with almost no effort.
The neqoxec closely misses you.
Casting: Ensorcelled Hibernation
Confirm with . or Enter, or press ? or * to list all spells.
You don't have enough magic to cast that spell.
Unknown command.
You closely miss the neqoxec. The neqoxec misses you.
The neqoxec gestures.
You hit the neqoxec but do no damage. The neqoxec closely misses you.
You hit the neqoxec but do no damage. You barely miss the neqoxec.
The neqoxec barely misses you.
You hit the neqoxec but do no damage. The neqoxec hits you!
Ouch! That really hurt!
* * * LOW HITPOINT WARNING * * *
You hit the neqoxec but do no damage. The neqoxec closely misses you.
The neqoxec gestures.
You hit the neqoxec but do no damage. The neqoxec hits you!
Ouch! That really hurt!
You die...

# #3 #+#
#3##.##
#33@<.+
#55##.## #5
##+# #
##.%###
#..##.#
##.#.##
##+##
#≈≈≈≈≈≈≈≈≈§§
#+++#+++#≈≈§


You could see 4 neqoxecs, a white imp, a shadow imp and an ufetubus.

Vanquished Creatures
  3 worms (D)
3 creatures vanquished.

Notes
Turn   | Place    | Note
-------+----------+-------------------------------------------
     0 | D        | Kidiri the Spriggan Enchanter began the quest for the Orb.
     0 | D        | Reached XP level 1. HP: 9/9 MP: 5/5
    16 | D        | Noticed a flying skull
    16 | D        | Noticed a flying skull
    16 | D        | Noticed a flying skull
    22 | D        | Noticed a flying skull
    22 | D        | Noticed a flying skull
    22 | D        | Noticed a flying skull
    22 | D        | Noticed a flying skull
    23 | D        | Noticed a flying skull
    23 | D        | Noticed a flying skull
    25 | D        | Noticed a flying skull
    26 | D        | Noticed a flying skull
    31 | D        | Noticed a flying skull
    93 | D        | Reached skill level 5 in Stealth
    93 | D        | Reached XP level 2. HP: 14/14 MP: 7/7
   102 | D        | Learned a level 2 spell: Ensorcelled Hibernation
   110 | D        | Noticed a neqoxec
   110 | D        | Noticed a neqoxec
   110 | D        | Noticed a neqoxec
   110 | D        | Noticed a neqoxec
   121 | D        | Mangled by a neqoxec

Vault maps used:
D:        the_violet_keep_of_menkaure

Skill      XL: |  1 |
---------------+----+-----
Spellcasting   | 3 |  3.3
Short Blades   | 2 |  2.3
Dodging        | 4 |  4.0
Stealth        | 5 |  5.1
Fighting       | |  0.7
Armour         | |  0.7
Hexes          | |  3.9

Action                   || total
-------------------------++-------
Melee: Dagger            ||    15
 Cast: Ensorcelled Hiber ||     3
  Use: Potion            ||     1
 Stab: Sleeping          ||     1
Dodge: Dodged            ||     8
